 Dungeon Crawl Stone Soup version 0.21-a0-135-g8dc100c (webtiles) character file.

218 HateThisGame the Vexing (level 5, -3/35 HPs)
             Began as a Mummy Enchanter on July 17, 2017.
             Killed by divine providence
             ... invoked by an orc priest
              (12 damage)
             ... on level 3 of the Dungeon.
             The game lasted 00:12:25 (5046 turns).

HateThisGame the Vexing (Mummy Enchanter)           Turns: 5046, Time: 00:12:26

Health: -3/35      AC:  4    Str: 11    XL:     5   Next: 63%
Magic:  5/9        EV: 12    Int: 16    God:
Gold:   148        SH:  0    Dex: 12    Spells: 3/9 levels left

rFire    x . .     SeeInvis .   a - +1 dagger
rCold    + . .     Gourm    .   (no shield)
rNeg     + + +     Faith    .   b - +0 robe
rPois    ∞         Spirit   .   (no helmet)
rElec    .         Reflect  .   (no cloak)
rCorr    .         Harm     .   (no gloves)
MR       .....                  d - +1 pair of boots
Stlth    ++........             (no amulet)
HPRegen  0.11/turn              (no ring)
MPRegen  0.11/turn              (no ring)

@: no status effects
A: no food or potions, fire vulnerability, cold resistance 1, negative energy
resistance 3, torment resistance, unbreathing
a: no special abilities


You were on level 3 of the Dungeon.
You were not hungry.

You visited 1 branch of the dungeon, and saw 3 of its levels.

You collected 148 gold pieces.

Inventory:

Hand Weapons
 a - a +1 dagger (weapon)
Missiles
 g - 5 javelins (quivered)
Armour
 b - a +0 robe (worn)
 d - a +1 pair of boots (worn)
Scrolls
 e - 2 scrolls of remove curse
 f - 3 scrolls of recharging
 h - a scroll of fear {unknown}
 i - a scroll of magic mapping {unknown}
 j - 2 scrolls of amnesia {unknown}
Books
 c - a book of Maledictions

   Spells                             Type                      Level
   a - Corona                         Hexes                        1
   b - Ensorcelled Hibernation        Hexes/Ice                    2
   c - Confuse                        Hexes                        3
   d - Tukima's Dance                 Hexes                        3
   e - Dazzling Spray                 Conjuration/Hexes            3


   Skills:
 - Level 0.7 Short Blades
 - Level 1.5 Dodging
 - Level 2.4 Stealth
 - Level 2.6 Spellcasting
 + Level 5.8 Hexes


You had 3 spell levels left.
You knew the following spells:

 Your Spells              Type           Power        Failure   Level  Hunger
a - Corona                Hex            ###....      1%          1    N/A
b - Ensorcelled Hibernat  Hex/Ice        ##....       9%          2    N/A
c - Confuse               Hex            ###.....     5%          3    N/A

Dungeon Overview and Level Annotations

Branches:
Dungeon (3/15)

Altars:
Gozag
The Shining One

Annotations:
D:2 exclusion: downstairs
D:3 exclusion: upstairs, Dominolapin's ghost, amateur MfMo


Innate Abilities, Weirdness & Mutations

You do not eat or drink.
Your flesh is vulnerable to fire.
You are immune to poison.
Your flesh is cold resistant. (rC+)
You are immune to negative energy. (rN+++)
You are immune to unholy pain and torment.
You can survive without breathing.


Message History

The orc wizard is severely wounded.
You catch the helpless orc wizard completely off-guard!
You hit the orc wizard.
You kill the orc wizard!
The orc priest begins to cast a cantrip, but forgets the words!
Casting: Confuse
Confirm with . or Enter, or press ? or * to list all spells.
Aiming: Confuse
Press: ? - help, Shift-Dir - straight line, f - orc priest
Aim: an orc priest, wielding a short sword (chance to defeat MR: 50%)
The orc priest resists with some effort.
The orc priest calls down the wrath of Beogh upon you.
Beogh smites you!
The orc priest invokes the aid of Beogh against you.
Beogh smites you!
* * * LOW HITPOINT WARNING * * *
The orc priest looks satisfied for a moment.
The orc priest invokes the aid of Beogh against you.
Beogh smites you!
You die...

.#### #.#.#.# #.#
#....####>....# #.#
#.....##....#.#####
#.#
........#.#.......#
#.#
............#.###.#
#.##
...!....#.....###.#
#..#
..................#
##.#
.........#....##..#
#.#
......##...#####@.#
#.# ..........##
#..# #.##
.##.#.##### #..#
#.#.## .##.#.# #..#
#.###.#### .##.#.#
#o.# #.# ##....
....#.# #.o# ##
#.#### #####.# #..#
#<# # #.# #..#
#.###### #.# #..#
## #....


You could see 2 orc priests.

Vanquished Creatures
  An orc wizard (D:3)
  5 gnolls
  7 adders
  An ooze (D:1)
  3 worms
  A leopard gecko (D:3)
  An orc (D:3)
  A ball python (D:1)
  6 bats
  A giant cockroach (D:2)
  4 goblins
  4 hobgoblins
  8 jackals
  5 kobolds
  A quokka (D:2)
  3 frilled lizards
  23 rats
75 creatures vanquished.

Notes
Turn   | Place    | Note
-------+----------+-------------------------------------------
     0 | D:1      | HateThisGame the Mummy Enchanter began the quest for the Orb.
     0 | D:1      | Reached XP level 1. HP: 13/13 MP: 4/4
    25 | D:1      | Reached skill level 3 in Hexes
   341 | D:1      | Reached XP level 2. HP: 19/19 MP: 5/5
   362 | D:1      | Learned a level 2 spell: Ensorcelled Hibernation
  1461 | D:2      | Reached XP level 3. HP: 24/24 MP: 1/7
  1640 | D:2      | Reached skill level 4 in Hexes
  2384 | D:1      | Reached XP level 4. HP: 18/30 MP: 0/8
  2520 | D:2      | Learned a level 3 spell: Confuse
  2954 | D:2      | Found a glowing golden altar of the Shining One.
  3814 | D:3      | Found an opulent altar of Gozag.
  3822 | D:3      | Reached skill level 5 in Hexes
  3841 | D:3      | Noticed Dominolapin's ghost (amateur MfMo)
  4294 | D:1      | Reached XP level 5. HP: 35/35 MP: 6/9
  5046 | D:3      | Killed from afar by an orc priest

Vault maps used:
D:1:      erik_arrival_orb_chamber, serial_bayou_ford_a, minmay_pentomino_w2
D:2:      old_standard_altar, kennysheep_decorative_pillar,
          minmay_misc_feat_four_crosses
D:3:      nicolae_gozag_cash_rules_everything_around_me

Skill      XL: |  1  2  3  4 |
---------------+-------------+-----
Hexes          | 3 4 5 |  5.8
Short Blades   | |  0.7
Dodging        | |  1.5
Stealth        | |  2.4
Spellcasting   | |  2.6

Action                   |  1- 3 |  4- 6 || total
-------------------------+-------+-------++-------
Melee: Dagger            |    94 |   135 ||   229
 Cast: Corona            |     5 |       ||     5
       Ensorcelled Hiber |    28 |    46 ||    74
       Confuse           |       |     5 ||     5
  Use: Scroll            |     4 |     1 ||     5
 Stab: Sleeping          |    17 |    30 ||    47
       Confused          |       |     3 ||     3
Armor: Robe              |    55 |    27 ||    82
Dodge: Dodged            |   105 |    72 ||   177
